TOP OF THE 1ST |
Casper Ghosts batting - Pitching for Marquette Miners : RHP Enrique Castro
|
Pitching: RHP Enrique Castro
|
|
Batting: RHB Blake Snow
|
0-0: Swinging Strike 0-1: Ball 1-1: Ball 2-1: Ball 3-1: Foul Ball, location: 2F 3-2: Strikes out looking
|
Batting: RHB Roberto De La Cruz
|
0-0: Fly out, F9 (Flyball, 9S)
|
Batting: LHB Kyle Mann
|
0-0: Reached via error on a dropped throw, E1
|
Batting: RHB Ron Coffman
|
0-0: Ball 1-0: Swinging Strike 1-1: Fielders Choice at 2nd, 6-4 (Groundball, 6)
|
Top of the 1st over - 0 run(s), 0 hit(s), 1 error(s), 0 left on base; Casper 0 - Marquette 0 |
BOTTOM OF THE 1ST |
Marquette Miners batting - Pitching for Casper Ghosts : RHP Júlio Vázquez
|
Pitching: RHP Júlio Vázquez
|
|
Batting: RHB Steve Koch
|
0-0: Called Strike 0-1: Foul Ball, location: 2F 0-2: Fly out, F8 (Flyball, 8RM)
|
Batting: LHB Vicente Castaneda
|
0-0: Foul Ball, location: 2F 0-1: Swinging Strike 0-2: Ball 1-2: Ball 2-2: Strikes out swinging
|
Batting: LHB Greg Gross
|
0-0: Ground out 1-3 (Groundball, P)
|
Bottom of the 1st over - 0 run(s), 0 hit(s), 0 error(s), 0 left on base; Casper 0 - Marquette 0 |
TOP OF THE 2ND |
Casper Ghosts batting - Pitching for Marquette Miners : RHP Enrique Castro
|
Batting: RHB Ron Thomas
|
0-0: Called Strike 0-1: Ball 1-1: Ball 2-1: Ball 3-1: Fly out, F9 (Flyball, 9LM)
|
Batting: RHB Warner Robinson
|
0-0: Called Strike 0-1: Called Strike 0-2: Strikes out swinging
|
Batting: RHB Jorge Saldańa
|
0-0: Ball 1-0: Swinging Strike 1-1: Called Strike 1-2: Ball 2-2: Foul Ball, location: 2F 2-2: Ball 3-2: Strikes out swinging
|
Top of the 2nd over - 0 run(s), 0 hit(s), 0 error(s), 0 left on base; Casper 0 - Marquette 0 |
BOTTOM OF THE 2ND |
Marquette Miners batting - Pitching for Casper Ghosts : RHP Júlio Vázquez
|
Batting: SHB Eugene Clutch
|
0-0: Ball 1-0: Foul Ball, location: 2F 1-1: Foul Ball, location: 2F 1-2: Strikes out swinging
|
Batting: RHB Edgar Balerio
|
0-0: Ball 1-0: Called Strike 1-1: Swinging Strike 1-2: Foul Ball, location: 2F 1-2: Fly out, F4 (Popup, 34D)
|
Batting: RHB José Barroca
|
0-0: Ball 1-0: Ball 2-0: DOUBLE (Groundball, 5L)
|
Batting: LHB Dong-hwan Yun
|
0-0: Called Strike 0-1: Called Strike 0-2: Ball 1-2: Fly out, F7 (Flyball, 7S)
|
Bottom of the 2nd over - 0 run(s), 1 hit(s), 0 error(s), 1 left on base; Casper 0 - Marquette 0 |
TOP OF THE 3RD |
Casper Ghosts batting - Pitching for Marquette Miners : RHP Enrique Castro
|
Batting: RHB Burt Babbs
|
0-0: Called Strike 0-1: Foul Ball, location: 2F 0-2: Ball 1-2: Ball 2-2: Strikes out swinging
|
Batting: RHB Manny Maltby
|
0-0: Swinging Strike 0-1: Ball 1-1: Ball 2-1: Ball 3-1: Foul Ball, location: 2F 3-2: Ground out 4-3 (Groundball, 4)
|
Batting: RHB Blake Snow
|
0-0: Ground out 6-3 (Groundball, 6MD)
|
Top of the 3rd over - 0 run(s), 0 hit(s), 0 error(s), 0 left on base; Casper 0 - Marquette 0 |
BOTTOM OF THE 3RD |
Marquette Miners batting - Pitching for Casper Ghosts : RHP Júlio Vázquez
|
Batting: RHB Manuel Rosales
|
0-0: Ball 1-0: Called Strike 1-1: Ball 2-1: Foul Ball, location: 2F 2-2: Ball 3-2: Fly out, F9 (Flyball, 9LSF)
|
Batting: RHB Sameen Shaw
|
0-0: Called Strike 0-1: Ground out 5-3 (Groundball, 5L)
|
Batting: RHB Steve Koch
|
0-0: Foul Ball, location: 2F 0-1: Ball 1-1: Ball 2-1: Called Strike 2-2: Strikes out looking
|
Bottom of the 3rd over - 0 run(s), 0 hit(s), 0 error(s), 0 left on base; Casper 0 - Marquette 0 |
TOP OF THE 4TH |
Casper Ghosts batting - Pitching for Marquette Miners : RHP Enrique Castro
|
Batting: RHB Roberto De La Cruz
|
0-0: SINGLE (Line Drive, 56D)
|
Batting: LHB Kyle Mann
|
0-0: Ball 1-0: Foul Ball, location: 2F 1-1: Ball 2-1: Ball 3-1: Foul Ball, location: 2F 3-2: Strikes out swinging
|
Batting: RHB Ron Coffman
|
0-0: Fly out, F7 (Flyball, 7)
|
Batting: RHB Ron Thomas
|
0-0: Called Strike 0-1: Ball 1-1: Called Strike 1-2: Ball 2-2: Ball 3-2: Strikes out swinging
|
Top of the 4th over - 0 run(s), 1 hit(s), 0 error(s), 1 left on base; Casper 0 - Marquette 0 |
BOTTOM OF THE 4TH |
Marquette Miners batting - Pitching for Casper Ghosts : RHP Júlio Vázquez
|
Batting: LHB Vicente Castaneda
|
0-0: Fly out, F8 (Line Drive, 8RM)
|
Batting: LHB Greg Gross
|
0-0: Called Strike 0-1: Ground out 3-1 (Groundball, 34)
|
Batting: SHB Eugene Clutch
|
0-0: Ball 1-0: Foul Ball, location: 2F 1-1: Ball 2-1: Swinging Strike 2-2: Foul Ball, location: 2F 2-2: Ground out 5-3 (Groundball, 56S)
|
Bottom of the 4th over - 0 run(s), 0 hit(s), 0 error(s), 0 left on base; Casper 0 - Marquette 0 |
TOP OF THE 5TH |
Casper Ghosts batting - Pitching for Marquette Miners : RHP Enrique Castro
|
Batting: RHB Warner Robinson
|
0-0: Swinging Strike 0-1: Ball 1-1: Called Strike 1-2: Strikes out looking
|
Batting: RHB Jorge Saldańa
|
0-0: Ball 1-0: Ball 2-0: Called Strike 2-1: Called Strike 2-2: Strikes out swinging
|
Batting: RHB Burt Babbs
|
0-0: Called Strike 0-1: Swinging Strike 0-2: Ball 1-2: Ball 2-2: Strikes out swinging
|
Top of the 5th over - 0 run(s), 0 hit(s), 0 error(s), 0 left on base; Casper 0 - Marquette 0 |
BOTTOM OF THE 5TH |
Marquette Miners batting - Pitching for Casper Ghosts : RHP Júlio Vázquez
|
Batting: RHB Edgar Balerio
|
0-0: Called Strike 0-1: Foul Ball, location: 2F 0-2: Strikes out looking
|
Batting: RHB José Barroca
|
0-0: Ball 1-0: Ball 2-0: Foul Ball, location: 2F 2-1: Ball 3-1: Ground out 5-3 (Groundball, 2L)
|
Batting: LHB Dong-hwan Yun
|
0-0: Ball 1-0: Called Strike 1-1: Ball 2-1: Foul Ball, location: 2F 2-2: Strikes out swinging
|
Bottom of the 5th over - 0 run(s), 0 hit(s), 0 error(s), 0 left on base; Casper 0 - Marquette 0 |
TOP OF THE 6TH |
Casper Ghosts batting - Pitching for Marquette Miners : RHP Enrique Castro
|
Batting: RHB Manny Maltby
|
0-0: Ball 1-0: Ball 2-0: Called Strike 2-1: Foul Ball, location: 2F 2-2: Foul Ball, location: 2F 2-2: Strikes out swinging
|
Batting: RHB Blake Snow
|
0-0: Called Strike 0-1: Ball 1-1: Ball 2-1: Ground out 6-3 (Groundball, 6)
|
Batting: RHB Roberto De La Cruz
|
0-0: Called Strike 0-1: Ball 1-1: Swinging Strike 1-2: Strikes out looking
|
Top of the 6th over - 0 run(s), 0 hit(s), 0 error(s), 0 left on base; Casper 0 - Marquette 0 |
BOTTOM OF THE 6TH |
Marquette Miners batting - Pitching for Casper Ghosts : RHP Júlio Vázquez
|
Batting: RHB Manuel Rosales
|
0-0: Ball 1-0: Ball 2-0: Foul Ball, location: 2F 2-1: SINGLE (Line Drive, 7S)
|
Batting: RHB Sameen Shaw
|
0-0: Ball 1-0: Ball 2-0: Ball 3-0: Base on Balls Manuel Rosales to second
|
Batting: RHB Steve Koch
|
0-0: Sac Bunt - play at first, batter OUT! 1-4 Manuel Rosales to third Sameen Shaw to second
|
Batting: LHB Vicente Castaneda
|
0-0: Foul Ball, location: 2F 0-1: Ball 1-1: Ball 2-1: Ground out 6-3 (Groundball, 6)
|
Batting: LHB Greg Gross
|
0-0: Called Strike 0-1: Swinging Strike 0-2: Ball 1-2: Foul Ball, location: 2F 1-2: Foul Ball, location: 2F 1-2: Fly out, F7 (Flyball, 7LS)
|
Bottom of the 6th over - 0 run(s), 1 hit(s), 0 error(s), 2 left on base; Casper 0 - Marquette 0 |
TOP OF THE 7TH |
Casper Ghosts batting - Pitching for Marquette Miners : RHP Enrique Castro
|
Batting: LHB Kyle Mann
|
0-0: Called Strike 0-1: Ball 1-1: Foul Ball, location: 2F 1-2: Strikes out swinging
|
Batting: RHB Ron Coffman
|
0-0: Foul Ball, location: 2F 0-1: Swinging Strike 0-2: Ball 1-2: Ball 2-2: Ground out 6-3 (Groundball, 6)
|
Batting: RHB Ron Thomas
|
0-0: Fly out, F8 (Flyball, 8RM)
|
Top of the 7th over - 0 run(s), 0 hit(s), 0 error(s), 0 left on base; Casper 0 - Marquette 0 |
BOTTOM OF THE 7TH |
Marquette Miners batting - Pitching for Casper Ghosts : RHP Júlio Vázquez
|
Batting: SHB Eugene Clutch
|
0-0: Ball 1-0: Ball 2-0: Called Strike 2-1: Fly out, F9 (Flyball, 9)
|
Batting: RHB Edgar Balerio
|
0-0: Called Strike 0-1: Hit by Pitch
|
Pitching: RHP Tadayoshi Tanaka
|
|
Batting: RHB José Barroca
|
0-0: Fly out, F7 (Flyball, 7S)
|
Batting: LHB Dong-hwan Yun
|
0-0: Called Strike Pickoff Throw to First - Error! E1 Edgar Balerio to second 0-1: Ball 1-1: Foul Ball, location: 2F 1-2: Strikes out swinging
|
Bottom of the 7th over - 0 run(s), 0 hit(s), 1 error(s), 1 left on base; Casper 0 - Marquette 0 |
TOP OF THE 8TH |
Casper Ghosts batting - Pitching for Marquette Miners : RHP Enrique Castro
|
Pinch Hitting: RHB Richard Jost
|
0-0: Ball 1-0: Called Strike 1-1: Swinging Strike 1-2: Strikes out looking
|
Pinch Hitting: LHB Jorge Morín
|
0-0: Called Strike 0-1: Called Strike 0-2: Ground out 5-3 (Groundball, 56)
|
Batting: RHB Burt Babbs
|
0-0: Called Strike 0-1: Swinging Strike 0-2: Strikes out looking
|
Top of the 8th over - 0 run(s), 0 hit(s), 0 error(s), 0 left on base; Casper 0 - Marquette 0 |
BOTTOM OF THE 8TH |
Marquette Miners batting - Pitching for Casper Ghosts : RHP Tadayoshi Tanaka
|
Now at 2B: Ray Millspaugh
|
|
Now at SS: Richard Jost
|
|
Pinch Hitting: RHB Alan McLennan
|
0-0: Swinging Strike 0-1: Ground out 5-3 (Groundball, 56)
|
Pinch Hitting: SHB Norm Singletary
|
0-0: Called Strike 0-1: Ball 1-1: Ball 2-1: Swinging Strike 2-2: Fly out, F7 (Flyball, 7)
|
Batting: RHB Steve Koch
|
0-0: Ground out 4-3 (Groundball, 4)
|
Bottom of the 8th over - 0 run(s), 0 hit(s), 0 error(s), 0 left on base; Casper 0 - Marquette 0 |
TOP OF THE 9TH |
Casper Ghosts batting - Pitching for Marquette Miners : RHP Enrique Castro
|
Pitching: RHP Esteban Ramos
|
|
Now at 2B: Norm Singletary
|
|
Now at SS: Rocky Cantrell
|
|
Batting: RHB Manny Maltby
|
0-0: Called Strike 0-1: Foul Ball, location: 2F 0-2: Ball 1-2: Ball 2-2: Ball 3-2: SINGLE (Groundball, 56S) (infield hit)
|
Batting: RHB Blake Snow
|
0-0: Sac Bunt - play at first, batter OUT! 1-3 Manny Maltby to second
|
Pinch Hitting: SHB Erjan Kerstens
|
0-0: Called Strike 0-1: Foul Ball, location: 2F 0-2: Strikes out swinging
|
Batting: LHB Kyle Mann
|
0-0: Called Strike 0-1: Foul Ball, location: 2F 0-2: SINGLE (Line Drive, 34) Manny Maltby to third
|
Batting: RHB Ron Coffman
|
0-0: Fly out, F4 (Popup, 4M)
|
Top of the 9th over - 0 run(s), 2 hit(s), 0 error(s), 2 left on base; Casper 0 - Marquette 0 |
|